 Dungeon Crawl Stone Soup version 0.31-a0-716-gc7603755dd (webtiles) character file.

Game seed: 809647119047650594

12455 zorkdork the Destroyer (level 11, -13/95 HPs)
             Began as a Grey Draconian Conjurer on Sept 4, 2023.
             Was a High Priest of Ignis.
             Mangled by a vault guard simulacrum (23 damage)
             ... on level 13 of the Dungeon on Sept 10, 2023.
             The game lasted 00:37:03 (10330 turns).

zorkdork the Destroyer (Grey Draconian Conjurer)   Turns: 10330, Time: 00:37:04

Health: -13/95     AC: 18    Str: 17    XL:     11   Next: 62%
Magic:  5/21       EV: 12    Int: 22    God:    Ignis [*****.]
Gold:   721        SH:  0    Dex:  9    Spells: 17/24 levels left

rFire   + . .        d - staff of earth
rCold   . . .        (no shield)
rNeg    . . .        (body armour unavailable)
rPois   .            J - +1 hat
rElec   .            (no cloak)
rCorr   .            y - +0 pair of gloves
SInv    .            (no boots)
Will    .....        h - amulet of magic regeneration
Stlth   ++           u - +4 ring of protection
HPRegen 0.35/turn    G - +6 ring of strength
MPRegen 0.57/turn

%: no passive effects
@: no status effects
A: AC +12, amphibious, unfitting armour, cold-blooded
a: Renounce Religion, Fiery Armour, Foxfire Swarm, Rising Flame


You were on level 13 of the Dungeon.
You worshipped Ignis.
Ignis was extremely pleased with you.
You visited 2 branches of the dungeon, and saw 12 of its levels.

You collected 721 gold pieces.

Inventory:

Hand Weapons
 g - the +8 trident "Zuimehus" {vamp, *Slow Dex+2 SInv}
   (You found it on level 3 of the Dungeon)

   Dex+2:     It affects your dexterity (+2).
   SInv:      It lets you see invisible.
   *Slow:     It may slow you when you take damage.
 F - a +5 long sword of freezing
Missiles
 v - 3 throwing nets
Armour
 o - an orb of guile
 y - a +0 pair of gloves (worn)
 J - a +1 hat (worn)
Magical Staves
 d - a staff of earth (weapon)
Jewellery
 h - an amulet of magic regeneration (around neck)
 j - an amulet of guardian spirit
 n - an amulet of reflection
 u - a +4 ring of protection (left hand)
 G - a +6 ring of strength (right hand)
Wands
 s - a wand of iceblast (21)
 t - a wand of polymorph (4)
 A - a wand of acid (5)
 E - a wand of paralysis (5)
 M - a wand of flame (14)
Scrolls
 b - 7 scrolls of identify
 c - 2 scrolls of revelation
 f - 3 scrolls of fog
 k - 6 scrolls of teleportation
 m - 3 scrolls of noise
 r - a scroll of summoning {unknown}
 w - a scroll of poison {unknown}
 B - a scroll of fear
 D - a scroll of vulnerability {unknown}
 I - a scroll of acquirement {unknown}
 K - a scroll of enchant weapon {unknown}
Potions
 a - a potion of magic
 e - 2 potions of invisibility
 i - 4 potions of degeneration
 l - 4 potions of attraction {unknown}
 p - 3 potions of heal wounds
 q - a potion of haste {unknown}
 x - a potion of mutation {unknown}
 z - a potion of resistance {unknown}
 C - 2 potions of lignification
 H - a potion of enlightenment
 L - a potion of brilliance


   Skills:
 + Level 8.3 Fighting
 - Level 1.7 Dodging
 - Level 1.7 Stealth
 + Level 7.3 Spellcasting
 * Level 13.8 Conjurations
 + Level 2.0 Ice Magic
 + Level 8.8 Earth Magic


You had 17 spell levels left.
You knew the following spells:

 Your Spells              Type           Power      Damage    Failure   Level
a - Magic Dart            Conj           100%       1d8       1%          1
b - Searing Ray           Conj           100%       2d8       1%          2
c - Fulminant Prism       Conj/Hex       19%        3d11      4%          4

Your spell library contained the following spells:

 Spells                   Type           Power      Damage    Failure   Level
 Dazzling Flash           Conj/Hex       76%        N/A       1%          3
 Iskenderun's Mystic Bla  Conj/Tloc      38%        2d9       4%          4
 Cigotuvi's Dreadful Rot  Necr/Pois/Air  16%        N/A       12%         2
 Ignite Poison            Fire/Tmut/Pois 8%         N/A       24%         3
 Volatile Blastmotes      Fire/Tloc      16%        2d11      24%         3
 Freezing Cloud           Conj/Ice/Air   15%        6-21      26%         5
 Starburst                Conj/Fire      19%        6d7       58%         6
 Maxwell's Capacitive Co  Air            4%         ∞         100%        8


Dungeon Overview and Level Annotations

Branches:
Dungeon (10/15)            Temple (1/1) D:5            Lair (0/5) D:8
    Orc (0/2) D:9

Altars:
Ashenzari
Cheibriados
Dithmenos
Elyvilon
Fedhas
Gozag
Hepliaklqana
Kikubaaqudgha
Makhleb
Nemelex Xobeh
Okawaru
Qazlal
Ru
Sif Muna
Trog
Uskayaw
Vehumet
Wu Jian
Xom
Yredelemnul
Zin
The Shining One
Ignis

Shops:
D:2 *   D:9 [(


Innate Abilities, Weirdness & Mutations

Your dull iron-grey scales are very hard. (AC +12)
You are amphibious.
You cannot fit into any form of body armour.
You are cold-blooded and may be slowed by cold attacks.


Message History

Casting: Searing Ray (safe; 1% risk of failure)
Confirm with . or Enter, or press ? or * to list all spells.
Aiming: Searing Ray (safe; 1% risk of failure)
Press: ? - help, Shift-Dir - straight line, f/p - vault guard
Aim: a vault guard, wielding a +0 battleaxe and wearing a +0 chain mail (almost dead, soul bound, 81% to hit)
The searing ray hits the vault guard.
The vault guard is almost dead.
The searing ray hits the human simulacrum!
The human simulacrum is heavily damaged.
The searing ray misses the wizard.
The searing ray hits the human simulacrum!
The human simulacrum is heavily damaged. (Press . to maintain the ray.)
The vault guard hits you with a +0 battleaxe!
* * * LOW HITPOINT WARNING * * *
The searing ray hits the vault guard!
You kill the vault guard!
The searing ray hits the human simulacrum!
The human simulacrum is almost destroyed.
The searing ray hits the wizard!
The wizard is moderately wounded.
The searing ray hits the human simulacrum.
The human simulacrum is severely damaged.
A freezing mist starts to gather...
A vault guard simulacrum comes into view.
Your Ice Magic skill increases to level 2!
The searing ray hits the wizard!
The wizard is heavily wounded.
The searing ray hits the human simulacrum!
The human simulacrum vaporises!
The searing ray misses the human simulacrum.
The searing ray hits the wizard!
The wizard is severely wounded.
The searing ray hits the human simulacrum.
The human simulacrum vaporises!
You finish channelling your searing ray.
The vault guard simulacrum hits you.
* * * LOW HITPOINT WARNING * * *
The vault guard simulacrum freezes you!!
You die...

##################
#.................
#.................
#..####..#####..##
#......)........#
#.#############.#
#.# #.# #Z# #.#
#@# #)# #)# #)#
#p# #)# #○# #.##
#.# #...
#..'...p.# #...
#..'..⌠.!# #...
#..'.....# #...
#..#...p.# #..)


You could see a wizard and a vault guard simulacrum.

Vanquished Creatures
  A vault guard (D:13)
  2 two-headed ogres
  Erica (D:8)
  Pikel (D:6)
  A necromancer (D:13)
  2 wizards (D:13)
  Jeremiah (D:6)
  An unseen horror (D:13)
  2 hornets (D:8)
  2 wraiths
  A shadow (D:5)
  A wyvern (D:9)
  11 humans (D:13)
  5 yaks
  Eustachio (D:4)
  3 steam dragons
  2 acid dragons (D:13)
  An ice beast (D:7)
  7 orc warriors
  An ogre (D:5)
  2 lemures
  A phantom (D:4)
  4 kobold brigands
  2 bullfrogs (D:8)
  2 scorpions
  15 wights
  4 killer bees (D:8)
  3 hounds
  6 orc priests
  5 jellies
  3 iguanas
  Natasha (thrice) (D:4)
  16 orc wizards
  8 adders
  11 gnolls
  A shadow imp (D:5)
  2 white imps
  4 ufetubi
  4 dart slugs
  78 orcs
  4 endoplasms
  A giant cockroach (D:2)
  9 goblins
  2 hobgoblins
  2 jackals (D:4)
  5 quokkas
  6 ball pythons
  11 bats
  2 frilled lizards
  22 kobolds
  3 rats
288 creatures vanquished.

Vanquished Creatures (others)
  An orc priest (D:9)
1 creature vanquished.

Grand Total: 289 creatures vanquished

Notes
Turn   | Place    | Note
-------+----------+-------------------------------------------
     0 | D:1      | zorkdork the Draconian Conjurer began the quest for the
                  | Orb.
     0 | D:1      | Reached XP level 1. HP: 14/14 MP: 3/3
   127 | D:1      | Reached XP level 2. HP: 20/20 MP: 0/5
   305 | D:1      | Learned a level 2 spell: Searing Ray
  1039 | D:1      | Found a faded altar of an unknown god.
  1042 | D:1      | Prayed at the altar of an unknown god.
  1042 | D:1      | Became a worshipper of Ignis, the Dying Flame
  1248 | D:2      | Found Usyerao's General Store.
  1461 | D:2      | Reached skill level 5 in Conjurations
  1475 | D:2      | Reached XP level 3. HP: 26/26 MP: 3/6
  2291 | D:3      | Identified the +8 trident "Zuimehus" {vamp, *Slow Dex+2
                  | SInv}
  2346 | D:3      | Found a bloodstained altar of Trog.
  2410 | D:3      | Found a broken altar of Ashenzari.
  2445 | D:3      | Reached XP level 4. HP: 33/33 MP: 5/7
  2634 | D:3      | Found a hide-covered altar of Uskayaw.
  2919 | D:4      | Noticed Eustachio
  3062 | D:4      | Killed Eustachio
  3063 | D:4      | Reached skill level 7 in Conjurations
  3063 | D:4      | Reached XP level 5. HP: 38/38 MP: 0/8
  3069 | D:4      | Noticed a phantom
  3245 | D:4      | Killed a phantom
  3246 | D:4      | Reached XP level 6. HP: 40/45 MP: 3/9
  3308 | D:4      | Noticed Natasha
  3312 | D:4      | Killed Natasha
  3492 | D:4      | Noticed Natasha
  3576 | D:4      | Killed Natasha
  3708 | D:4      | Noticed Natasha
  3712 | D:4      | Killed Natasha
  3713 | D:4      | Reached skill level 8 in Conjurations
  3781 | D:5      | Entered Level 5 of the Dungeon
  3826 | D:5      | Found a staircase to the Ecumenical Temple.
  3841 | Temple   | Entered the Ecumenical Temple
  3916 | D:5      | Your scales start taking on a dull iron-grey colour.
  3916 | D:5      | Reached XP level 7. HP: 50/50 MP: 5/10
  3921 | D:5      | Learned a level 4 spell: Fulminant Prism
  4109 | D:5      | Reached skill level 1 in Fighting
  4291 | D:5      | Reached skill level 9 in Conjurations
  4455 | D:6      | Noticed Jeremiah
  4468 | D:6      | HP: 1/49 [Jeremiah/divine providence (15)]
  4656 | D:6      | Noticed a shadow
  4669 | D:5      | Killed a shadow
  4670 | D:5      | Reached skill level 1 in Earth Magic
  4670 | D:5      | Reached XP level 8. HP: 60/62 MP: 4/12
  4933 | D:6      | Identified the +0 plate armour "Fal Fygg" {+Inv Int-3
                  | Dex+7}
  5246 | D:6      | Killed Jeremiah
  5247 | D:6      | Reached skill level 10 in Conjurations
  5517 | D:7      | Noticed Pikel
  5546 | D:6      | Killed Pikel
  5547 | D:6      | Reached XP level 9. HP: 56/72 MP: 4/15
  5626 | D:7      | Upgraded the game from 0.31-a0-672-g7da72447bb to
                  | 0.31-a0-675-g238779eb0a
  5802 | D:7      | Upgraded the game from 0.31-a0-675-g238779eb0a to
                  | 0.31-a0-702-gf82c85558f
  5802 | D:7      | Upgraded the game from 0.31-a0-702-gf82c85558f to
                  | 0.31-a0-716-gc7603755dd
  6402 | D:7      | Found a hazy altar of Hepliaklqana.
  6833 | D:8      | Reached skill level 11 in Conjurations
  6846 | D:8      | Reached skill level 5 in Fighting
  6882 | D:8      | Reached skill level 5 in Earth Magic
  6965 | D:8      | Reached skill level 5 in Spellcasting
  7387 | D:8      | Found a staircase to the Lair.
  7563 | D:8      | Identified the +3 ring mail "Uhul" {rElec Dex+2}
  7609 | D:8      | Noticed Erica
  7618 | D:8      | Killed Erica
  7619 | D:8      | Reached XP level 10. HP: 39/83 MP: 8/18
  7862 | D:8      | Reached skill level 12 in Conjurations
  7973 | D:9      | Found Zowuh's Armour Boutique.
  8165 | D:9      | Found Kyrheh's Antique Weapon Boutique.
  9117 | D:9      | Noticed a two-headed ogre
  9124 | D:9      | Killed a two-headed ogre
  9248 | D:9      | Found a staircase to the Orcish Mines.
  9566 | D:9      | Reached XP level 11. HP: 86/92 MP: 16/20
  9764 | D:10     | Entered Level 10 of the Dungeon
  9795 | D:10     | Reached skill level 13 in Conjurations
  9826 | D:10     | Noticed a two-headed ogre
  9833 | D:10     | Killed a two-headed ogre
  9900 | D:10     | You fall into a shaft and drop 3 floors!
 10216 | D:13     | Noticed a wizard
 10283 | D:13     | Killed a wizard
 10303 | D:13     | Noticed a wizard
 10305 | D:13     | Noticed a necromancer
 10308 | D:13     | Noticed a vault guard
 10313 | D:13     | Killed a wizard
 10314 | D:13     | Reached skill level 1 in Ice Magic
 10321 | D:13     | Killed a necromancer
 10324 | D:13     | Noticed a wizard
 10328 | D:13     | Killed a vault guard
 10330 | D:13     | Mangled by a vault guard simulacrum

Illustrated notes

Levels and vault maps discovered:
D:1:      erik_arrival_blinker_ship, layout_loops_ring,
          shapermc_ecumenical_altar_mp_vishouse, kennysheep_crisscross,
          due_unseen_surprise
D:2:      layout_basic, serial_shops, nicolae_shop_rolling_square,
          feat_on_display
D:3:      layout_loops_ring, mainiacjoe_overflow_brackets,
          mainiacjoe_overflow_swirl, serial_bayou, serial_bayou_ford_a,
          serial_bayou_shore_a, serial_bayou_pond_b, serial_bayou_lagoon_a
D:4:      layout_rooms, uniq_eustachio, uniq_natasha
D:5:      layout_rooms, minmay_temple_entry_offerings
D:6:      layout_rooms, uniq_jeremiah
D:7:      layout_layer_cave, nicolae_overflow_crystal_walls, serial_rivers,
          chequers_serial_rivers_room_b, chequers_serial_rivers_small_a,
          chequers_serial_rivers_marsh, chequers_serial_rivers_micro_a,
          chequers_serial_rivers_small_b, uniq_pikel
D:8:      layout_rooms, lair_entry_dummy, special_room [special_room_orc],
          st_stairs_10, minmay_checkerbox, uniq_erica
D:9:      layout_cave_pools, hiddenorc2_lemuel, serial_shops,
          nicolae_shop_just_a_little_nook, shop, grunt_ogre_cave, minivault_26,
          reono_crystal_passage, nicolae_sextant, grunt_decor_junction,
          minivault_1
D:10:     layout_roguey, chequers_garden
D:13:     layout_small_grid, grunt_vaults_entry_tiered
Temple:   regret_index_temple_chain_breaker

Skill      XL: |  1  2  3  4  5  6  7  8  9 10 11 |
---------------+----------------------------------+-----
Conjurations   | 5 7 8 9 10 11 12 13 | 13.8
Fighting       | 2 4 6 7 8 |  8.3
Spellcasting   | 3 4 5 6 7 |  7.3
Earth Magic    | 1 4 6 7 8 |  8.8
Ice Magic      | 2 |  2.0
Dodging        | |  1.7
Stealth        | |  1.7

Action                     |  1- 3 |  4- 6 |  7- 9 | 10-12 || total
---------------------------+-------+-------+-------+-------++-------
  Melee: Staff             |    20 |     3 |    39 |    27 ||    89
         Tailslap          |     2 |     1 |     4 |     1 ||     8
         Punch             |       |       |     2 |       ||     2
   Cast: Magic Dart        |    73 |    81 |   155 |    49 ||   358
         Searing Ray       |     3 |    12 |    53 |    89 ||   157
    Use: Potion            |     6 |       |     2 |       ||     8
         Scroll            |       |       |     8 |       ||     8
 Armour: Skin              |    30 |    30 |   141 |   208 ||   409
  Dodge: Dodged            |    43 |    28 |   105 |   151 ||   327

Table legend: (Time is in decaauts)
 A = Elapsed time spent in this place.
 B = Non-inter-level travel time spent in this place.
 C = Inter-level travel time spent in this place.
 D = Time resting spent in this place.
 E = Time spent auto-exploring this place.
 F = Levels seen in this place.
 G = Mean time per level.
                   A        B        C        D        E       F      G
               +--------+--------+--------+--------+--------+-----+--------+
         Total |  10424 |  10172 |    252 |   1147 |   6662 |  12 |  868.7 |
       Dungeon |  10422 |  10170 |    252 |   1147 |   6662 |  11 |  947.5 |
        Temple |      1 |      1 |      0 |      0 |      0 |   1 |    1.0 |
               +--------+--------+--------+--------+--------+-----+--------+

Top non-repeatable levels by time:
     D:8: 1976 daAuts
     D:7: 1378 daAuts
     D:3: 1282 daAuts
     D:1: 1068 daAuts
     D:9: 998 daAuts
     D:5: 877 daAuts
     D:2: 815 daAuts
     D:6: 803 daAuts
     D:4: 655 daAuts
    D:13: 431 daAuts
    D:10: 135 daAuts
  Temple: 1 daAuts
